 Dungeon Crawl Stone Soup version 0.28-a0-472-g50180c0d78 (webtiles) character file.

Game seed: 4143972439962896671

200 GordonOverkill the Grave Robber (level 5, 0/23 HPs)
             Began as a Felid Necromancer on Sept 15, 2021.
             Slain by an ufetubus (4 damage)
             ... on level 5 of the Dungeon.
             The game lasted 00:09:27 (7596 turns).

GordonOverkill the Grave Robber (Felid Necromancer) Turns: 7596, Time: 00:09:27

Health: 0/23       AC:  1    Str:  4    XL:     5   Next: 49%
Magic:  5/10       EV: 18    Int: 29    God:
Gold:   206        SH:  0    Dex: 17    Spells: 7/10 levels left
                                        Lives:  0   Deaths: 1

rFire   . . .      SeeInvis +     - Unarmed
rCold   . . .      Faith    .   (shield unavailable)
rNeg    . . .      Spirit   .   (armour unavailable)
rPois   .          Reflect  .   (helmet unavailable)
rElec   .          Harm     .   (cloak unavailable)
rCorr   .          Rampage  .   (gloves unavailable)
Will    .....                   (boots unavailable)
Stlth   +++.......              (no amulet)
HPRegen 0.07/turn               c - +6 ring of intelligence
MPRegen 0.12/turn               e - +6 ring of intelligence

@: quick
A: very small, claws 1, fangs 3, see invisible, speed 1, shaggy fur 1, stealthy
paws, no weapons or thrown items, no armour, multi-lived
a: no special abilities


You were on level 5 of the Dungeon.
You visited 1 branch of the dungeon, and saw 5 of its levels.

You collected 206 gold pieces.

Inventory:

Jewellery
 c - a +6 ring of intelligence (left paw)
 e - a +6 ring of intelligence (right paw)
 f - a ring of protection from fire
 p - a +4 ring of protection
Wands
 k - a wand of paralysis (3)
Scrolls
 i - a scroll of silence
 j - 2 scrolls of immolation {unknown}
 l - 3 scrolls of identify
 m - 2 scrolls of enchant weapon {unknown}
 n - 2 scrolls of blinking {unknown}
Potions
 a - 2 potions of curing
 b - 2 potions of might
 d - a potion of lignification {unknown}
 g - a potion of ambrosia {unknown}
 h - a potion of haste {unknown}
 o - a potion of heal wounds {unknown}


   Skills:
 + Level 2.4 Fighting
 + Level 3.5 Dodging
 + Level 3.7 Stealth
 + Level 2.1 Unarmed Combat
 + Level 3.1 Spellcasting
 + Level 3.1 Hexes
 - Level 4.0 Necromancy
 + Level 1.8 Ice Magic


You had 7 spell levels left.
You knew the following spells:

 Your Spells              Type           Power      Damage    Failure   Level
a - Pain                  Necr           100%       1d9       1%          1
b - Ensorcelled Hibernat  Hex/Ice        38%        N/A       4%          2

Your spell library contained the following spells:

 Spells                   Type           Power      Damage    Failure   Level
 Animate Skeleton         Necr           54%        N/A       1%          1
 Vampiric Draining        Necr           13%        2d7       4%          3
 Tukima's Dance           Hex            22%        N/A       6%          3
 Foxfire                  Conj/Fire      16%        2x1d4     8%          1
 Sandblast                Erth           8%         2d5       8%          1
 Frozen Ramparts          Ice            30%        1d5       11%         3
 Dazzling Flash           Conj/Hex       26%        N/A       12%         3
 Inner Flame              Hex/Fire       13%        N/A       12%         3
 Animate Dead             Necr           13%        N/A       14%         4
 Conjure Flame            Conj/Fire      4%         6-21      22%         3
 Agony                    Necr           27%        N/A       38%         5
 Flame Wave               Conj/Fire      4%         3d3       58%         4
 Petrify                  Tmut/Erth      4%         N/A       58%         4
 Silence                  Hex/Air        6%         N/A       73%         5
 Freezing Cloud           Conj/Ice/Air   4%         6-21      86%         5


Dungeon Overview and Level Annotations

Branches:
Dungeon (5/15)
 Temple: D:4-7

Altars:


Innate Abilities, Weirdness & Mutations

You have sharp claws.
You have razor-sharp teeth.
You have supernaturally acute eyesight. (SInv)
You cover ground quickly. (Speed+)
You are covered in fur. (AC +1)
Your paws help you pounce on unaware monsters.
You are incapable of wielding weapons or throwing items.
You cannot wear armour.
You gain extra lives every three experience levels.


Message History

Aiming: Ensorcelled Hibernation (safe; 4% risk of failure)
Press: ? - help, Shift-Dir - straight line, f/p - jackal
Aim: a jackal (chance to affect: 67%)
The jackal struggles to resist.
The jackal misses you.
Casting: Ensorcelled Hibernation (safe; 4% risk of failure)
Confirm with . or Enter, or press ? or * to list all spells.
Aiming: Ensorcelled Hibernation (safe; 4% risk of failure)
Press: ? - help, Shift-Dir - straight line, f/p - jackal
Aim: a jackal (chance to affect: 67%)
The jackal struggles to resist.
The jackal bites you but does no damage.
The jackal completely misses you.
You hear a distant slurping noise.
The jackal misses you. The jackal bites you. The jackal closely misses you.
The ufetubus misses you. x2
You see here a jackal corpse.
Casting: Ensorcelled Hibernation (safe; 4% risk of failure)
Confirm with . or Enter, or press ? or * to list all spells.
You can't see any susceptible monsters within range! (Use Z to cast anyway.) Unknown command.
The ufetubus misses you. The ufetubus hits you.
You barely miss the ufetubus. The ufetubus hits you.
* * * LOW HITPOINT WARNING * * *
The ufetubus closely misses you. The ufetubus hits you.
* * * LOW HITPOINT WARNING * * *
The ufetubus barely misses you.
You scratch the ufetubus.
The ufetubus is severely wounded.
The ufetubus barely misses you. The ufetubus hits you.
* * * LOW HITPOINT WARNING * * *
You barely miss the ufetubus.
The ufetubus is severely wounded.
The ufetubus misses you. The ufetubus closely misses you.
You scratch the ufetubus.
The ufetubus is severely wounded.
The ufetubus closely misses you. The ufetubus barely misses you.
The ufetubus hits you.
You die...

+#####.# .....#.#
.....#.#############
.....#.#...†..h5@..#
.....#.#.#########.#
.......#.# #..#.#
.......#.# #..#.#
#..)...# #..#.#
#.##.#.### #..#.#
#......#.######..#.#
#####..#...5..#..#.#
.......#.####.#....#


You could see an ufetubus and a jackal.

Vanquished Creatures
  An ogre (D:4)
  A jelly (D:4)
  A hound (D:3)
  An orc wizard (D:2)
  3 adders
  An adder skeleton (D:4)
  2 worms (D:2)
  A dart slug (D:2)
  6 orcs
  3 endoplasms
  A giant cockroach (D:1)
  6 goblins
  7 hobgoblins
  5 jackals
  5 kobolds
  3 quokkas
  8 ball pythons
  3 bats
  4 frilled lizards
  4 rats
66 creatures vanquished.

Notes
Turn   | Place    | Note
-------+----------+-------------------------------------------
     0 | D:1      | GordonOverkill the Felid Necromancer began the quest for
                  | the Orb.
     0 | D:1      | Reached XP level 1. HP: 7/7 MP: 4/4
   482 | D:1      | Found a faded altar of an unknown god.
   642 | D:1      | Reached skill level 1 in Fighting
   927 | D:1      | Reached XP level 2. HP: 10/12 MP: 4/6
  1657 | D:1      | Got the Disquisition on Dusty Ice
  1759 | D:1      | Learned a level 2 spell: Ensorcelled Hibernation
  1869 | D:1      | Reached skill level 1 in Hexes
  2542 | D:2      | Reached XP level 3. HP: 15/15 MP: 7/7
  2829 | D:2      | Reached skill level 1 in Unarmed Combat
  3230 | D:2      | Reached skill level 1 in Ice Magic
  3519 | D:2      | Reached XP level 4. HP: 19/19 MP: 8/8
  5872 | D:4      | Reached XP level 5. HP: 13/22 MP: 2/10
  6445 | D:4      | Noticed an ogre
  6462 | D:4      | Mangled by an ogre
  6463 | D:4      | Reached XP level 4. HP: -10/19 MP: 5/9
  6579 | D:4      | Killed an ogre
  6580 | D:4      | Reached XP level 5. HP: 18/23 MP: 3/10
  7311 | D:5      | Entered Level 5 of the Dungeon
  7596 | D:5      | Slain by an ufetubus

Illustrated notes

Levels and vault maps discovered:
D:1:      minmay_arrival_glassed_features, layout_basic,
          ebering_ecumenical_altar_box, minmay_misc_feat_nine_boxes,
          minmay_split_cup_large
D:2:      layout_loops_ring, palyth_stone_intersect, minmay_ruptured
D:3:      layout_basic, minmay_misc_feat_encased
D:4:      layout_basic
D:5:      layout_basic, amethyst_overflow_temple_binary,
          minmay_temple_entry_proselytizer, gammafunk_ghost_necromancy,
          st_stairs_11, uniq_blork_the_orc

Skill      XL: |  1  2  3  4  5 |
---------------+----------------+-----
Fighting       | 1 2 |  2.4
Hexes          | 1 3 |  3.1
Unarmed Combat | 1 2 |  2.1
Ice Magic      | 1 |  1.8
Stealth        | 3 |  3.7
Dodging        | 3 |  3.5
Spellcasting   | 3 |  3.1
Necromancy     | |  4.0

Action                   |  1- 3 |  4- 6 || total
-------------------------+-------+-------++-------
Melee: Unarmed           |    23 |    44 ||    67
       Bite              |       |     5 ||     5
 Cast: Pain              |    46 |    23 ||    69
       Ensorcelled Hiber |    31 |    31 ||    62
  Use: Scroll            |     1 |     3 ||     4
       Potion            |     1 |       ||     1
 Stab: Sleeping          |    18 |    24 ||    42
Armor: Skin              |     2 |     7 ||     9
Dodge: Dodged            |    33 |    48 ||    81

Table legend: (Time is in decaauts)
 A = Elapsed time spent in this place.
 B = Non-inter-level travel time spent in this place.
 C = Inter-level travel time spent in this place.
 D = Time resting spent in this place.
 E = Time spent auto-exploring this place.
 F = Levels seen in this place.
 G = Mean time per level.
                   A        B        C        D        E       F      G
               +--------+--------+--------+--------+--------+-----+--------+
         Total |   6776 |   6611 |    165 |   3032 |   2595 |   5 | 1355.2 |
       Dungeon |   6776 |   6611 |    165 |   3032 |   2595 |   5 | 1355.2 |
               +--------+--------+--------+--------+--------+-----+--------+

Top non-repeatable levels by time:
     D:1: 2294 daAuts
     D:2: 1533 daAuts
     D:4: 1480 daAuts
     D:3: 1218 daAuts
     D:5: 249 daAuts
